AoeStats
← xander.dijkstra

Nomad

510389552Analyzed
3v3 RM · 21h ago on Sep 30, 2026· 32m 28s· 6 players
Game mode
Random Map
Map size
210×210
Population
200
Speed
Normal
Resources
Standard
Victory
Conquest
Starting age
Dark Age
Ending age
Imperial Age
RankedLock teamsTeams togetherTeam positionsShared explorationLock speedFull tech treeHidden civsTurbo modeCheats
Victory
Defeat
🇩🇪 Vietnamese · Germany
1069
+11
🇩🇪 Teutons · Germany
965
+15
🇩🇪 Georgians · Germany
865
+20
🇹🇷 Huns · Türkiye
1006
-18
🇪🇸 Mongols · Spain
950
-15
🇳🇱 Saxons · Netherlands
898
-13
Dr. Wurst
10:26 Loom
16:46 Feudal Age
17:14 Double-Bit Axe
17:23 Gold Mining
19:35 Wheelbarrow
22:08 Castle Age
20:14 Fletching
21:38 Padded Archer Armor
22:57 Thumb Ring
22:50 Crossbowman
23:55 Bodkin Arrow
Eckzahn
6:12 Loom
16:26 Feudal Age
17:20 Man-at-Arms
24:49 Castle Age
23:19 Scale Barding Armor
23:05 Fletching
23:50 Horse Collar
25:53 Forging
28:12 Gold Mining
28:22 Double-Bit Axe
32:40 Squires
Hans-Jürgen
6:45 Loom
16:28 Feudal Age
18:20 Wheelbarrow
18:31 Town Watch
22:13 Fletching
26:15 Castle Age
24:04 Horse Collar
24:13 Double-Bit Axe
26:04 Gold Mining
26:05 Stone Mining
26:10 Gold Mining
26:39 Forging
26:35 Scale Barding Armor
27:32 Heavy Plow
28:30 Hand Cart
28:31 Town Patrol
29:46 Husbandry
29:56 Bloodlines
30:19 Bow Saw
TitaN
12:24 Loom
15:03 Feudal Age
23:46 Castle Age
21:43 Double-Bit Axe
21:42 Fishing Lines
22:40 Stone Mining
24:08 Elite Skirmisher
xander.dijkstra
10:15 Loom
19:26 Feudal Age
19:56 Man-at-Arms
22:23 Double-Bit Axe
26:24 Wheelbarrow
25:43 Gold Mining
28:35 Castle Age
27:00 Scale Mail Armor
30:06 Gambesons
Mystic Boy
12:28 Feudal Age
10:48 Loom
12:34 Feudal Age
16:09 Double-Bit Axe
17:31 Horse Collar
24:26 Castle Age
23:28 Fletching
25:37 Gold Mining
27:20 Bodkin Arrow
28:09 Bloodlines
28:52 Husbandry
29:07 Bow Saw
28:59 Padded Archer Armor
30:31 Leather Archer Armor
31:47 Ballistics
Connection lost

Rejoining the realm…

Still unreachable

The connection could not be restored.

Session expired

The server has moved on; the page needs a fresh start.